cohdb
Replays
Latest Replays
All Replays
Popular Replays
Top Player Replays
Match Explorer
How It Works
Community
CoH3 Stats
Reddit
Sign in to upload your games and track your stats! →
Sign in with Steam
Match 40385314
Unlisted
Match 40385314
Overview
Messages
Build Orders
End
Royal Engineer Section
Construct Section Command Post
Selects Canadian Shock Battlegroup
Infantry Section
Dingo Light Scout Car
Infantry Section
Construct Platoon Command Post
Humber Armored Car
Selects Attacking Spirit
Selects Canadian Shock Section
Selects Incendiary Munitions
Canadian Shock Section
Grenade Package
Infantry Training
Canadian Shock Section
Unlock M3 Stuart Light Tanks
Selects Pyrotechnics
Construct Field Infirmary
M3 Stuart Light Tank
Selects Demolition Engineering
Bootyquake
DEV ®
0
0
Comments
sign in to comment!
No comments posted yet!